 Dungeon Crawl Stone Soup version 0.29.1-debian-1-gc3f1650bb9 (webtiles) character file.

Game seed: 16492731062482415814

380 Newt the Trooper (level 6, -6/48 HPs)
             Began as a Demonspawn Gladiator on Sept 12, 2022.
             Mangled by Pikel
             ... wielding a +0 whip of electrocution
              (17 damage)
             ... on level 4 of the Dungeon.
             The game lasted 00:05:10 (4084 turns).

Newt the Trooper (Demonspawn Gladiator)             Turns: 4084, Time: 00:05:11

Health: -6/48      AC:  8    Str: 17    XL:     6   Next: 46%
Magic:  6/6        EV: 12    Int: 11    God:
Gold:   152        SH:  0    Dex: 14    Spells: 5/5 levels left

rFire   . . .      SeeInvis .   g - +3 long sword (vorpal)
rCold   . . .      Faith    .   (no shield)
rNeg    . . .      Spirit   .   t - +2 leather armour {rPois}
rPois   +          Reflect  .   c - +0 helmet
rElec   .          Harm     .   y - +0 cloak
rCorr   .          Rampage  .   p - +0 pair of gloves
Will    .....                   (no boots)
Stlth   ++........              (no amulet)
HPRegen 0.16/turn               (no ring)
MPRegen 0.20/turn               (no ring)

@: mighty
A: hooves 2, magic regeneration, big brain 1
a: no special abilities


You were on level 4 of the Dungeon.
You visited 1 branch of the dungeon, and saw 4 of its levels.

You collected 152 gold pieces.

Inventory:

Hand Weapons
 a - a +0 vampiric rapier
 g - a +3 vorpal long sword (weapon)
Missiles
 m - a poisoned dart (quivered)
Armour
 b - a +0 leather armour
 c - a +0 helmet (worn)
 k - an orb of guile
 p - a +0 pair of gloves (worn)
 t - a +2 leather armour of poison resistance (worn)
 y - a +0 cloak (worn)
Scrolls
 f - a scroll of torment
 h - a scroll of brand weapon
 i - a scroll of silence
 n - a scroll of immolation {unknown}
 q - 2 scrolls of enchant armour
 s - 2 scrolls of identify
 u - a scroll of poison
 w - a scroll of blinking {unknown}
 x - a scroll of teleportation {unknown}
Potions
 j - a potion of curing
 l - a potion of flight {unknown}
 o - a potion of lignification {unknown}
 v - a potion of might
 z - a potion of magic {unknown}


   Skills:
 - Level 4.0 Fighting
 - Level 2.6(3.5) Short Blades
 - Level 3.4(4.0) Long Blades
 - Level 1.7 Throwing
 + Level 2.6 Armour
 - Level 2.6 Dodging
 - Level 2.0 Stealth


You had 5 spell levels left.
You didn't know any spells.
Your spell library contained the following spells:

 Spells                   Type           Power      Damage    Failure   Level
 Animate Dead             Necr           0%         N/A       99%         4
 Borgnjor's Vile Clutch   Necr/Erth      0%         N/A       100%        5
 Death Channel            Necr           0%         N/A       100%        6


Dungeon Overview and Level Annotations

Branches:
Dungeon (4/15)
 Temple: D:4-7

Altars:
Fedhas
Nemelex Xobeh
Trog
Xom

Annotations:
D:4 Pikel


Innate Abilities, Weirdness & Mutations

You have hoof-like feet.
You regenerate magic rapidly.
You have an unusually large brain. (Int +2)


Message History

Aim: Pikel, wielding a +0 whip of electrocution and wearing a +0 robe of positive energy (severely wounded, 53% to hit)
You throw a throwing net. The throwing net closely misses Pikel.
The throwing net completely misses the lemure.
The throwing net hits the lemure.
The lemure is caught in the net!
Pikel barely misses you.
The lemure struggles against the net.
Throw: javelin
Press: ? - help, Shift-Dir - straight line, f/p - Pikel
Aim: Pikel, wielding a +0 whip of electrocution and wearing a +0 robe of positive energy (severely wounded, 53% to hit)
You throw a javelin. The javelin closely misses Pikel.
The javelin pierces through the lemure but does no damage.
The lemure is almost dead.
The javelin pierces through the lemure!
The lemure is heavily wounded.
The javelin closely misses the lemure.
The lemure struggles against the net.
Pikel misses you.
Unknown command.
Unknown command.
You feel much better.
Pikel hits you with a +0 whip of electrocution!
You are electrocuted!
* * * LOW HITPOINT WARNING * * *
The lemure struggles against the net.
Unknown command.
You feel better.
Pikel hits you with a +0 whip of electrocution.
* * * LOW HITPOINT WARNING * * *
The lemure struggles against the net.
You feel very mighty all of a sudden. Pikel closely misses you.
The lemure struggles against the net.
The net rips apart, and the lemure comes free!
Unknown command.
You barely miss Pikel. Your kick misses Pikel.
Pikel is severely wounded.
Pikel closely misses you.
Pikel hits you with a +0 whip of electrocution.
* * * LOW HITPOINT WARNING * * *
You closely miss Pikel. You kick Pikel!
Pikel is almost dead.
Pikel hits you but does no damage.
You are electrocuted!
You die...

+....+.........
#.(..#.........
#....#...5.....
#....#...K...[.
#.5..#.........
##55...........
#5#######.#...
#K# # #
######@#
#......#
#.####.# #.#
#.# #.# ### #.#
#.# #.# #.#


You could see Pikel and 4 lemures.

Vanquished Creatures
  Edmund (D:4)
  A phantom (D:3)
  Crazy Yiuf (D:2)
  Jessica (D:3)
  Ijyb (D:3)
  A gnoll (D:1)
  6 adders
  2 worms (D:3)
  A ball python (D:1)
  5 endoplasms
  4 giant cockroaches
  4 goblins
  A hobgoblin (D:1)
  2 jackals (D:1)
  3 quokkas (D:3)
  2 bats (D:1)
  5 frilled lizards
  6 kobolds
  11 rats
58 creatures vanquished.

Notes
Turn   | Place    | Note
-------+----------+-------------------------------------------
     0 | D:1      | Newt the Demonspawn Gladiator began the quest for the Orb.
     0 | D:1      | Reached XP level 1. HP: 16/16 MP: 1/1
    56 | D:1      | Reached skill level 1 in Stealth
   108 | D:1      | Gained mutation: You have an unusually large brain. (Int
                  | +2) [demonic ancestry]
   108 | D:1      | Reached XP level 2. HP: 19/22 MP: 2/2
   502 | D:1      | Found a faded altar of an unknown god.
   566 | D:1      | Reached skill level 1 in Long Blades
   566 | D:1      | Gained mutation: You have large cloven feet. [demonic
                  | ancestry]
   566 | D:1      | Reached XP level 3. HP: 21/27 MP: 3/3
  1118 | D:2      | Identified the +5 ring mail of the Sun {rF- Int+5}
  1593 | D:2      | Found a runed translucent door.
  1594 | D:2      | Noticed Crazy Yiuf
  1775 | D:2      | Reached XP level 4. HP: 33/33 MP: 4/4
  2004 | D:2      | Killed Crazy Yiuf
  2162 | D:3      | Noticed Jessica
  2166 | D:3      | Killed Jessica
  2167 | D:3      | Gained mutation: You regenerate magic rapidly. [demonic
                  | ancestry]
  2167 | D:3      | Reached XP level 5. HP: 13/39 MP: 5/5
  2534 | D:3      | Found a bloodstained altar of Trog.
  2644 | D:3      | Found a blossoming altar of Fedhas.
  2871 | D:3      | Found a shimmering altar of Xom.
  3026 | D:3      | Noticed a phantom
  3034 | D:3      | Killed a phantom
  3035 | D:3      | Reached skill level 3 in Fighting
  3189 | D:3      | Noticed Ijyb
  3217 | D:3      | Reached skill level 4 in Fighting
  3226 | D:3      | Killed Ijyb
  3227 | D:3      | Reached skill level 1 in Armour
  3227 | D:3      | Gained mutation: You have hoof-like feet. [demonic
                  | ancestry]
  3227 | D:3      | Reached XP level 6. HP: 28/48 MP: 6/6
  3480 | D:4      | Noticed Edmund
  3500 | D:4      | Killed Edmund
  3925 | D:4      | Found a sparkling altar of Nemelex Xobeh.
  4049 | D:4      | Noticed Pikel
  4084 | D:4      | Mangled by Pikel

Illustrated notes

Levels and vault maps discovered:
D:1:      dpeg_arrival_ratfight, layout_basic,
          hellmonk_ecumenical_altar_inner_sanctum
D:2:      layout_loops_ring, uniq_crazy_yiuf_cottage
D:3:      layout_loops_ring, general_overflow_altar,
          mainiacjoe_overflow_large_starburst, dk_noncrumbling_2,
          kennysheep_jessica_study, uniq_ijyb
D:4:      layout_basic, nemelex_spade_bored_becter, st_stairs_6, minivault_24,
          grunt_ministairs_11, amcnicky_altar_lugonu_corruption, uniq_edmund,
          uniq_pikel, uniq_blork_the_orc, uniq_robin

Skill      XL: |  1  2  3  4  5  6 |
---------------+-------------------+-----
Stealth        | 1 2 |  2.0
Long Blades    | 1 2 3 |  3.4
Fighting       | 4 |  4.0
Armour         | 1 2 |  2.6
Short Blades   | |  2.6
Throwing       | |  1.7
Dodging        | |  2.6

Action                   |  1- 3 |  4- 6 || total
-------------------------+-------+-------++-------
Melee: Rapier            |    30 |       ||    30
       Long sword        |    70 |    99 ||   169
       Kick              |     9 |    24 ||    33
       Punch             |     1 |     1 ||     2
Throw: Throwing net      |       |     4 ||     4
       Dart              |       |     2 ||     2
       Javelin           |       |     1 ||     1
  Use: Potion            |     1 |     4 ||     5
       Scroll            |       |     8 ||     8
 Stab: Sleeping          |     4 |     4 ||     8
       Held in net/web   |       |     2 ||     2
Armor: Leather armour    |    23 |    37 ||    60
Dodge: Dodged            |    55 |    58 ||   113
